 Dungeon Crawl Stone Soup version 0.24-a0-284-g9fb9971df1 (webtiles) character file.

Game seed: 1084531156306053853

58 Redear the Skirmisher (level 3, -4/29 HPs)
             Began as a Demonspawn Chaos Knight on May 6, 2019.
             Was a Plaything of Xom.
             Slain by a worm (6 damage)
             ... on level 2 of the Dungeon.
             The game lasted 00:03:22 (1192 turns).

Redear the Skirmisher (Demonspawn Chaos Knight)     Turns: 1192, Time: 00:03:23

Health: -4/29      AC:  7    Str: 10 (13) XL:     3   Next: 76%
Magic:  3/3        EV: 11    Int: 12 (13) God:    Xom [..*...]
Gold:   33         SH:  0    Dex: 11 (12) Spells: 2/2 levels left

rFire    . . .     SeeInvis .   f - +0 whip
rCold    . . .     Gourm    .   (no shield)
rNeg     . . .     Faith    .   b - +2 leather armour
rPois    .         Spirit   .   (no helmet)
rElec    .         Reflect  .   (no cloak)
rCorr    .         Harm     .   (no gloves)
MR       +....                  (no boots)
Stlth    +.........             (no amulet)
HPRegen  0.09/turn              (no ring)
MPRegen  0.08/turn              (no ring)

@: lethally poisoned (-4 -> -10), flying, hasted, very quick
A: slimy green scales 1, magic resistance 1, sense surroundings 2
a: Renounce Religion


You were on level 2 of the Dungeon.
You worshipped Xom.
You were a toy of Xom.
You were not hungry.

You visited 1 branch of the dungeon, and saw 2 of its levels.

You collected 33 gold pieces.

Inventory:

Hand Weapons
 a - a +0 hand axe of chaos
 c - a +0 club
 d - a +0 dagger
 f - a +0 whip (weapon)
Armour
 b - a +2 leather armour (worn)
Scrolls
 e - a scroll of blinking {unknown}
 g - a scroll of enchant weapon {unknown}
 h - a scroll of identify {unknown}
 i - a scroll of magic mapping {unknown}
 j - a scroll of amnesia {unknown}
 l - 2 scrolls of remove curse {unknown}
Comestibles
 z - 2 rations


   Skills:
 + Level 3.5 Fighting
 + Level 3.2 Axes
 + Level 2.4 Armour
 + Level 1.7 Dodging


You had 2 spell levels left.
You didn't know any spells.
Your spell library was empty.

Dungeon Overview and Level Annotations

Branches:
Dungeon (2/15)

Altars:
Nemelex Xobeh


Innate Abilities, Weirdness & Mutations

You are partially covered in slimy green scales. (AC +2)
You are resistant to hostile enchantments. (MR+)
You passively map the area around you.


Message History

The worm is moderately wounded.
* * * LOW HITPOINT WARNING * * *
You feel sick.
You take 1 damage, and have 4/29 hp.
You barely miss the worm.
The worm is moderately wounded.
The worm barely misses you.
You hit the worm.
The worm is heavily wounded.
* * * LOW HITPOINT WARNING * * *
You feel sick.
You take 1 damage, and have 3/29 hp.
You hit the worm but do no damage.
The worm is heavily wounded.
Okay, then.
You hit the worm.
The worm is severely wounded.
* * * LOW HITPOINT WARNING * * *
You feel sick. The worm bites you.
You die...

.####.#
#.#........ *
## #
#.####♣♣.♣♣ *
, # * #..## ,,
*, ##..## ,
##..# ,* ,* *,
*, * ##.# * *
,* #.# , , * ,
, #.# * , , ,
,* * #@# , *
#w# * * , * ,
, #g#* , , *
*#....r.?..lS.
,
##..#.###⌠.⌠#
, , ##...# .#
, * # #.# , ,,
, * , * #.. ,,
, , #.. * , **


You could see a worm, a goblin and a rat.

Vanquished Creatures
  2 adders
  An ooze (D:1)
  A dart slug (D:1)
  A leopard gecko (D:1)
  9 bats (D:1)
  A giant cockroach (D:1)
  4 goblins (D:1)
  4 hobgoblins (D:1)
  A ball python (D:1)
  A frilled lizard (D:1)
  4 kobolds
  A quokka zombie (D:2)
  4 rats (D:1)
34 creatures vanquished.

Notes
Turn   | Place    | Note
-------+----------+-------------------------------------------
     0 | D:1      | Redear the Demonspawn Chaos Knight began the quest for the
                  | Orb.
     0 | D:1      | Reached XP level 1. HP: 18/18 MP: 1/1
    26 | D:1      | XOM: harmless Hex miscast
    27 | D:1      | Reached skill level 1 in Dodging
    32 | D:1      | XOM: silly message
    62 | D:1      | Reached skill level 2 in Armour
    71 | D:1      | Gained mutation: You are partially covered in slimy green
                  | scales. (AC +2) [demonic ancestry]
    71 | D:1      | Reached XP level 2. HP: 19/24 MP: 2/2
   276 | D:1      | XOM: harmless Summ miscast
   319 | D:1      | Reached skill level 3 in Axes
   407 | D:1      | XOM: divination: magic mapping
   422 | D:1      | XOM: cloud trail
   483 | D:1      | XOM: cast spell 'Summon Butterflies'
   496 | D:1      | XOM: harmless Tloc miscast
   505 | D:1      | Reached XP level 3. HP: 23/29 MP: 3/3
   793 | D:1      | XOM: potion effect (might)
   795 | D:1      | HP: 2/29 [poisoned by an adder]
  1156 | D:2      | Found a sparkling altar of Nemelex Xobeh.
  1182 | D:2      | Gained mutation: You passively map a small area around you.
                  | [potion of mutation]
  1182 | D:2      | Gained mutation: You passively map the area around you.
                  | [potion of mutation]
  1182 | D:2      | Gained mutation: You are resistant to hostile enchantments.
                  | (MR+) [potion of mutation]
  1192 | D:2      | HP: 2/29 [poisoned by an adder]
  1192 | D:2      | Slain by a worm

Levels and vault maps discovered:
D:1:      saegor_arrival_under_anarchy, layout_rooms
D:2:      minmay_diamond_boxcup, layout_rooms, minmay_tree_intersection,
          nemelex_xobeh_ov_fountains_minmay

Skill      XL: |  1  2 |
---------------+-------+-----
Dodging        | 1 |  1.7
Armour         | 2 |  2.4
Axes           | 3 |  3.2
Fighting       | |  3.5

Action                   || total
-------------------------++-------
Melee: Hand axe          ||    38
       Dagger            ||   118
       Whip              ||    39
  Use: Potion            ||     6
  Eat: Chunk             ||     1
Armor: Leather armour    ||   109
Dodge: Dodged            ||   186

Table legend:
 A = Non-vault XP
 B = Vault XP
 C = Vault XP percentage of total XP
 D = Non-vault monster count
 E = Vault monster count
 F = Vault count percentage of total count
                 A         B        C        D         E       F
            +---------+---------+-------+---------+---------+-------
      Total |      84 |       0 |   0.0 |      34 |       0 |   0.0
            +---------+---------+-------+---------+---------+-------
        D:1 |      67 |       0 |   0.0 |      31 |       0 |   0.0
        D:2 |      17 |       0 |   0.0 |       3 |       0 |   0.0
            +---------+---------+-------+---------+---------+-------
